% Time on Ice - REGINA FALCONS
Lines # - Real PCT - Wanted PCT - Time Play
Normal Forward
1 - 36% - 36% - 17:20
2 - 37% - 34% - 18:01
3 - 24% - 24% - 11:42
4 - 3% - 6% - 1:21
Normal Defense
1 - 36% - 38% - 17:32
2 - 34% - 34% - 16:20
3 - 19% - 18% - 9:08
4 - 11% - 10% - 5:24
PP Forward
1 - 48% - 55% - 1:55
2 - 52% - 45% - 2:03
PP Defense
1 - 48% - 55% - 1:55
2 - 52% - 45% - 2:03
PK Forward
1 - 61% - 55% - 4:41
2 - 39% - 45% - 2:57
PK Defense
1 - 59% - 55% - 4:30
2 - 41% - 45% - 3:08
PK3 Forward
1 - 0% - 55%
2 - 0% - 45%
PK3 Defense
1 - 0% - 55%
2 - 0% - 45%
44 Forward
1 - 0% - 55%
2 - 0% - 45%
44 Defense
1 - 0% - 55%
2 - 0% - 45%
Last Minute Offensive  - 0:00
Last Minute Defensive  - 0:00
Total
Forward - 60:00
Defense - 60:00
% Time on Ice - VICTORIA GLADIATORS
Lines # - Real PCT - Wanted PCT - Time Play
Normal Forward
1 - 33% - 36% - 15:33
2 - 31% - 32% - 14:36
3 - 25% - 24% - 12:02
4 - 11% - 8% - 5:16
Normal Defense
1 - 42% - 40% - 19:56
2 - 33% - 35% - 15:41
3 - 25% - 25% - 11:50
4 - 0% - 0% - 0:00
PP Forward
1 - 57% - 50% - 4:22
2 - 43% - 50% - 3:16
PP Defense
1 - 45% - 50% - 3:28
2 - 55% - 50% - 4:10
PK Forward
1 - 61% - 50% - 2:25
2 - 39% - 50% - 1:33
PK Defense
1 - 35% - 50% - 1:24
2 - 65% - 50% - 2:34
PK3 Forward
1 - 0% - 50%
2 - 0% - 50%
PK3 Defense
1 - 0% - 50%
2 - 0% - 50%
44 Forward
1 - 0% - 50%
2 - 0% - 50%
44 Defense
1 - 0% - 50%
2 - 0% - 50%
Last Minute Offensive  - 0:57
Last Minute Defensive  - 0:00
Total
Forward - 60:00
Defense - 60:00
Play-by-Play 1st period 0:01 of 1st period - Jonathan Miller wins face-off versus Anze Kopitar in neutral zone. 0:03 of 1st period - David Pastrnak is hit by Bryan Rust and loses puck. 0:20 of 1st period - Shot by Bryan Rust. 0:20 of 1st period - Shot Misses the Net. 0:45 of 1st period - Shot by David Pastrnak. 0:45 of 1st period - Shot Misses the Net. 1:41 of 1st period - Off-side. 1:42 of 1st period - Johan Larsson wins face-off versus Derick Brassard in neutral zone. 1:44 of 1st period - Torey Krug is hit by Corey Perry and loses puck. 2:12 of 1st period - Mattias Janmark is hit by Brenden Dillon and loses puck. 3:10 of 1st period - Shot by Ryan Getzlaf. 3:10 of 1st period - Deflect By Jonathan Audy-Marchessault. 3:10 of 1st period - Shot Blocked by Nikita Zaitsev. 4:11 of 1st period - Brent Burns is hit by Derek Grant and loses puck. 4:47 of 1st period - Nick Holden is hit by Jonathan Miller. 5:11 of 1st period - Shot by Kyle Connor. 5:11 of 1st period - Shot Misses the Net. 5:19 of 1st period - Shot by Kyle Connor. 5:19 of 1st period - Shot Misses the Net. 5:21 of 1st period - Shot by Bryan Rust. 5:21 of 1st period - Shot Blocked by Brenden Dillon. 5:28 of 1st period - Minor Penalty to Brenden Dillon for Hooking. 5:29 of 1st period - Vincent Trocheck wins face-off versus Ryan Getzlaf in REGINA FALCONS zone. 5:30 of 1st period - Shot by Jared McCann. 5:30 of 1st period - Stopped by Tristan Jarry without a rebound. 5:31 of 1st period - Ryan Getzlaf wins face-off versus Jakub Voracek in REGINA FALCONS zone. 5:46 of 1st period - Brady Skjei is hit by Matt Martin and loses puck. 6:09 of 1st period - Shot by Jakub Voracek. 6:09 of 1st period - Shot Blocked by Erik Johnson. 6:11 of 1st period - Shot by Nikita Zaitsev. 6:11 of 1st period - Stopped by Tristan Jarry without a rebound. 6:12 of 1st period - Anze Kopitar wins face-off versus Ryan Getzlaf in REGINA FALCONS zone. 7:47 of 1st period - David Pastrnak is hit by Esa Lindell. 7:49 of 1st period - Shot by Max Pacioretty. 7:49 of 1st period - Stopped by Carter Hart without a rebound. 7:50 of 1st period - Ryan Getzlaf wins face-off versus Vincent Trocheck in VICTORIA GLADIATORS zone. 8:05 of 1st period - Shot by Patrik Laine. 8:05 of 1st period - Shot Hit the Post. 8:20 of 1st period - Icing by Conor Garland. 8:21 of 1st period - Derick Brassard wins face-off versus Conor Garland in VICTORIA GLADIATORS zone. 8:54 of 1st period - Shot by Bryan Rust. 8:54 of 1st period - Deflect By Kyle Connor. 8:54 of 1st period - Shot Misses the Net. 9:21 of 1st period - Icing by Brent Burns. 9:22 of 1st period - Johan Larsson wins face-off versus Max Pacioretty in REGINA FALCONS zone. 9:23 of 1st period - Shot by Jared McCann. 9:23 of 1st period - Shot Misses the Net. 9:29 of 1st period - Shot by Jonathan Miller. 9:29 of 1st period - Shot Misses the Net. 9:35 of 1st period - Shot by David Pastrnak. 9:35 of 1st period - Shot Misses the Net. 10:27 of 1st period - Shot by Jonathan Audy-Marchessault. 10:27 of 1st period - Stopped by Carter Hart without a rebound. 10:28 of 1st period - Anze Kopitar wins face-off versus Filip Zadina in VICTORIA GLADIATORS zone. 10:28 of 1st period - Anze Kopitar is hit by Derick Brassard. 10:54 of 1st period - Shot by Anze Kopitar. 10:54 of 1st period - Shot Blocked by Marc-Edouard Vlasic. 10:55 of 1st period - Minor Penalty to Brenden Dillon for Cross-checking. 10:56 of 1st period - Denis Malgin wins face-off versus Vincent Trocheck in REGINA FALCONS zone. 10:56 of 1st period - Denis Malgin is hit by Jared McCann. 11:48 of 1st period - Shot by Bryan Rust. 11:48 of 1st period - Shot Misses the Net. 12:20 of 1st period - Shot by Bryan Rust. 12:20 of 1st period - Shot Misses the Net. 13:30 of 1st period - Shot by Jakub Voracek. 13:30 of 1st period - Stopped by Tristan Jarry with a rebound. 14:17 of 1st period - Shot by Mattias Janmark. 14:17 of 1st period - Stopped by Tristan Jarry with a rebound. 16:48 of 1st period - Icing by Esa Lindell. 16:49 of 1st period - Anze Kopitar wins face-off versus Ryan Getzlaf in VICTORIA GLADIATORS zone. 17:15 of 1st period - Jared McCann is hit by Anton Stralman and loses puck. 17:51 of 1st period - Icing by Nikita Zaitsev. 17:52 of 1st period - David Pastrnak wins face-off versus Johan Larsson in VICTORIA GLADIATORS zone. 17:59 of 1st period - Shot by Jonathan Miller. 17:59 of 1st period - Goal by Jonathan Miller - REGINA FALCONS : 1 - VICTORIA GLADIATORS : 0. 18:00 of 1st period - Vincent Trocheck wins face-off versus Derick Brassard in neutral zone. 18:12 of 1st period - Shot by Derick Brassard. 18:12 of 1st period - Shot Misses the Net. 19:28 of 1st period - Shot by Patrik Laine. 19:28 of 1st period - Shot Blocked by Esa Lindell. 19:30 of 1st period - Shot by Patrik Laine. 19:30 of 1st period - Stopped by Carter Hart without a rebound. 19:31 of 1st period - Johan Larsson wins face-off versus Jonathan Miller in VICTORIA GLADIATORS zone. Goals for this period are 1 for REGINA FALCONS vs 0 for VICTORIA GLADIATORS. Shots for this period are 4 for REGINA FALCONS vs 4 for VICTORIA GLADIATORS. 2nd period 0:01 of 2nd period - Anze Kopitar wins face-off versus Ryan Getzlaf in neutral zone. 0:08 of 2nd period - Shot by Patrik Laine. 0:08 of 2nd period - Stopped by Carter Hart without a rebound. 0:09 of 2nd period - Ryan Getzlaf wins face-off versus Vincent Trocheck in VICTORIA GLADIATORS zone. 0:38 of 2nd period - Icing by Tanner Pearson. 0:39 of 2nd period - Vincent Trocheck wins face-off versus Jonathan Miller in VICTORIA GLADIATORS zone. 1:17 of 2nd period - Off-side. 1:18 of 2nd period - Ryan Getzlaf wins face-off versus Anze Kopitar in neutral zone. 1:41 of 2nd period - Shot by Anze Kopitar. 1:41 of 2nd period - Shot Blocked by Erik Johnson. 1:43 of 2nd period - Shot by Kyle Connor. 1:43 of 2nd period - Shot Misses the Net. 1:45 of 2nd period - Shot by Kyle Connor. 1:45 of 2nd period - Shot Misses the Net. 1:47 of 2nd period - Shot by Brady Skjei. 1:47 of 2nd period - Shot Misses the Net. 1:49 of 2nd period - Shot by Brady Skjei. 1:49 of 2nd period - Stopped by Tristan Jarry with a rebound. 1:51 of 2nd period - Shot by Brady Skjei. 1:51 of 2nd period - Shot Blocked by Erik Johnson. 1:53 of 2nd period - Shot by Bryan Rust. 1:53 of 2nd period - Stopped by Tristan Jarry without a rebound. 1:54 of 2nd period - Jonathan Miller wins face-off versus Johan Larsson in REGINA FALCONS zone. 2:09 of 2nd period - Shot by Jonathan Miller. 2:09 of 2nd period - Deflect By David Pastrnak. 2:09 of 2nd period - Stopped by Carter Hart without a rebound. 2:10 of 2nd period - Derick Brassard wins face-off versus Derek Grant in VICTORIA GLADIATORS zone. 2:20 of 2nd period - Duncan Keith is hit by Brandon Carlo and loses puck. 2:36 of 2nd period - Shot by Derick Brassard. 2:36 of 2nd period - Deflect By Filip Zadina. 2:36 of 2nd period - Shot Misses the Net. 3:06 of 2nd period - Shot by Kyle Connor. 3:06 of 2nd period - Shot Misses the Net. 3:30 of 2nd period - Max Pacioretty is hit by Nikita Zaitsev and loses puck. 3:39 of 2nd period - Shot by David Pastrnak. 3:39 of 2nd period - Shot Blocked by Brady Skjei. 3:41 of 2nd period - Shot by Jonathan Miller. 3:41 of 2nd period - Shot Misses the Net. 3:43 of 2nd period - Shot by Jonathan Miller. 3:43 of 2nd period - Stopped by Carter Hart without a rebound. 3:44 of 2nd period - Vincent Trocheck wins face-off ver